Map: [HypONE] [FFA] Lost on the Horizon

Players

tatchka

  • Race: Terran Terran
  • League: Diamond

Player 2 - Winner!

  • Race: Zerg Zerg

Player 3 - Winner!

  • Race: Zerg Zerg

VOD

Have the link to the VOD?

Description

bla

Time

  • Played on: June 16, 2026, 2:11 a.m.
  • Length: 48:30
Show
View Real Time Build Order
Export as new Build Order

tatchka Terran 

Build Orders:  

Get SALT Encoding   

  12  0:00  SCV  
  13  0:19  SCV  
  14  0:31  SCV  
  15  0:56  Supply Depot  
  15  1:21  Barracks  
  15  1:43  Unknown  
  15  1:44  Supply Depot  
  15  1:47  Barracks  
  15  2:29  Marine  
  16  2:39  Bunker  
  16  2:41  SCV  
  16  2:43  Marine  
  18  2:47  Marine  
  19  2:52  Supply Depot  
  19  2:59  SCV  
  19  3:01  Marine  
  19  3:05  Factory  
  21  3:20  Supply Depot  
  21  3:38  Bunker  
  21  3:43  Bunker  
  21  3:44  Marine  
  21  3:45  Marine  
  21  3:46  SCV  
  24  3:49  Factory Tech Lab  
  24  3:55  Factory  
  24  4:02  Marine x2  
  26  4:10  Unknown  
  26  4:14  Siege Tank  
  26  4:16  SCV  
  30  4:21  Marine x2  
  32  4:30  SCV  
  33  4:40  Marine x2  
  33  4:42  SCV  
  36  4:50  Factory Tech Lab  
  36  4:56  Supply Depot  
  36  4:58  Supply Depot  
  36  5:14  Siege Tank  
  36  5:15  Siege Tank  
  42  5:22  Armory, Engineering Bay  
  42  5:28  SCV  
  43  5:40  Supply Depot  
  43  5:46  Siege Tank  
  43  5:47  Siege Tank  
  49  6:06  Supply Depot  
  49  6:11  Planetary Fortress  
  49  6:13  Terran Vehicle Weapons Level 1  
  49  6:18  Armory  
  49  6:25  Starport  
  49  6:42  Barracks  
  49  6:47  Siege Tank x2  
  49  6:54  Missile Turret  
  55  6:55  Missile Turret  
  55  6:59  Missile Turret  
  55  7:01  Missile Turret  
  55  7:02  Missile Turret  
  55  7:06  Starport Reactor  
  55  7:12  Terran Ship Weapons Level 1  
  55  7:40  Supply Depot  
  55  7:50  Liberator x2  
  61  7:59  Fusion Core  
  61  8:03  Supply Depot  
  60  8:31  SCV  
  61  8:43  SCV  
  62  8:53  Barracks  
  62  8:54  Barracks  
  62  9:01  Advanced Ballistics  
  62  9:35  Supply Depot  
  62  9:36  Command Center  
  60  9:56  Liberator  
  63  10:25  Barracks  
  63  10:27  Barracks  
  61  10:47  Liberator, Siege Tank  
  67  10:54  Orbital Command  
  67  10:55  Supply Depot  
  67  10:57  Terran Ship Weapons Level 2  
  67  10:58  Terran Vehicle Weapons Level 2  
  67  11:00  Siege Tank  
  70  11:07  Command Center  
  70  11:17  SCV  
  71  11:29  SCV  
  72  11:41  SCV  
  73  11:53  SCV  
  74  12:09  Barracks  
  74  12:20  Viking x2  
  78  12:33  Missile Turret  
  78  12:36  Missile Turret  
  78  12:56  Missile Turret  
  78  12:58  Missile Turret  
  78  12:59  Missile Turret x2  
  78  13:03  Missile Turret  
  70  13:44  Viking  
  70  13:45  Viking  
  74  14:04  Terran Vehicle Weapons Level 3, Terran Ship Weapons Level 3  
  74  14:11  Starport  
  74  15:22  Refinery x2  
  74  16:10  Starport Reactor  
  74  16:13  Orbital Command  
  74  16:15  SCV  
  74  16:16  SCV  
  76  16:28  SCV x2  
  78  16:40  SCV  
  79  16:56  Viking x2  
  79  16:57  Viking x2  
  87  17:05  Siege Tank x2  
  93  17:21  Terran Vehicle And Ship Armor Level 1  
  93  17:36  Missile Turret  
  85  18:45  Liberator  
  85  18:46  Liberator  
  91  18:50  Viking  
  93  21:14  Supply Depot  
  93  21:18  Supply Depot  
  93  21:20  Supply Depot  
  93  21:35  Viking  
  95  21:43  Terran Vehicle And Ship Armor Level 2  
  95  22:30  Sensor Tower  
  95  22:37  Sensor Tower  
  95  22:51  Orbital Command  
  95  23:06  Command Center  
  95  23:08  Command Center  
  95  23:17  Command Center  
  95  23:37  Liberator x4  
  107  23:59  Siege Tank x2  
  113  24:21  Orbital Command  
  113  24:46  Orbital Command  
  112  26:57  Medivac  
  112  26:59  Viking x3  
  112  27:01  Siege Tank x2  
  126  27:23  Refinery x2  
  126  27:29  Command Center  
  123  28:35  Liberator x2  
  129  29:10  Planetary Fortress  
  129  29:54  SCV  
  130  30:10  Barracks  
  130  30:27  Siege Tank x2  
  112  31:00  Missile Turret  
  87  31:58  Missile Turret x2  
  87  32:14  Missile Turret  
  87  32:15  Missile Turret  
  87  32:18  Missile Turret  
  87  32:23  Missile Turret  
  87  32:24  Missile Turret  
  87  32:28  Missile Turret  
  87  33:30  Factory Tech Lab  
  87  33:56  Orbital Command  
  87  34:00  Viking x4  
  95  34:19  Command Center  
  95  34:30  Viking x2  
  95  34:31  Viking x2  
  103  35:22  SCV  
  104  35:36  SCV x4  
  108  35:48  Orbital Command  
  108  35:55  Refinery  
  108  35:56  Refinery  
  92  38:13  Barracks  
  92  38:14  Barracks  
  92  38:18  Barracks, Terran Infantry Weapons Level 1  
  92  38:19  Barracks  
  92  38:23  Caduceus Reactor  
  92  38:30  Engineering Bay  
  92  39:06  Terran Infantry Armor Level 1  
  92  39:09  Medivac  
  94  39:10  Medivac  
  96  39:17  Terran Vehicle And Ship Armor Level 3  
  87  42:22  Barracks  
  87  43:12  Missile Turret  
  87  43:14  Missile Turret  
  87  43:18  Missile Turret  
  87  43:33  Missile Turret  
  87  43:38  Missile Turret  
  87  43:40  Missile Turret  
  87  43:45  Missile Turret  
  87  43:58  SCV  
  87  43:59  SCV x4  
  90  44:56  Marine x2  
  90  44:57  Marine x3  
  96  45:17  Marine x2  
  96  45:18  Marine  
Show
View Real Time Build Order
Export as new Build Order

Player 2 Zerg - Winner!

Build Orders: Pool First, Lurkers 

Get SALT Encoding   

  12  0:01  Drone  
  13  0:11  Overlord  
  13  0:16  Drone  
  14  0:29  Drone  
  14  0:35  Drone, Spawning Pool  
  16  0:39  Drone  
  16  0:43  Drone  
  16  0:45  Extractor  
  16  0:54  Drone  
  17  1:05  Drone  
  18  1:16  Drone  
  19  1:23  Queen, Roach Warren  
  20  1:34  Hatchery  
  20  1:37  Drone  
  20  1:41  Drone  
  21  1:48  Zergling x2  
  22  1:59  Overlord  
  22  2:09  Overlord  
  22  2:20  Roach  
  24  2:27  Metabolic Boost  
  30  2:30  Roach x3  
  30  2:32  Zergling x2  
  31  2:42  Zergling x2  
  32  2:46  Zergling x2  
  33  2:53  Zergling x2  
  33  2:56  Zergling x2  
  35  3:01  Overlord, Zergling x2  
  35  3:02  Zergling x2  
  35  3:04  Overlord  
  37  3:07  Drone  
  37  3:10  Extractor  
  37  3:15  Drone  
  37  3:18  Drone  
  37  3:19  Queen  
  41  3:26  Roach  
  43  3:29  Roach  
  43  3:33  Drone x2, Roach  
  49  3:37  Overlord  
  49  3:38  Unknown  
  49  3:39  Roach  
  49  3:40  Unknown, Lair  
  49  3:48  Drone  
  49  3:50  Drone  
  51  3:59  Roach  
  51  4:01  Drone  
  54  4:05  Drone x3  
  57  4:11  Drone x2  
  59  4:21  Overlord  
  59  4:22  Drone  
  60  4:24  Baneling Nest  
  59  4:33  Drone x2  
  59  4:34  Roach, Drone  
  64  4:41  Infestation Pit  
  64  4:43  Drone  
  64  4:44  Overlord, Hydralisk Den  
  63  4:47  Evolution Chamber  
  62  4:54  Hatchery  
  62  4:56  Evolution Chamber  
  60  5:05  Drone x2  
  62  5:08  Drone  
  62  5:10  Baneling, Drone  
  62  5:11  Drone  
  62  5:13  Zerg Ground Armor Level 1  
  62  5:14  Drone  
  66  5:15  Hydralisk  
  66  5:16  Drone  
  66  5:18  Infestor  
  66  5:21  Hydralisk, Zerg Melee Weapons Level 1  
  71  5:24  Drone  
  71  5:27  Baneling  
  71  5:28  Baneling  
  74  5:29  Infestor, Drone  
  74  5:30  Overlord  
  74  5:32  Drone  
  74  5:33  Drone  
  74  5:34  Drone  
  80  5:36  Drone  
  80  5:38  Drone  
  80  5:39  Baneling  
  80  5:40  Baneling x2  
  80  5:42  Baneling x2  
  82  5:43  Baneling x2  
  82  5:44  Baneling, Drone  
  82  5:47  Drone  
  84  5:54  Overlord  
  84  5:55  Baneling x3  
  84  5:56  Baneling x2  
  84  5:57  Ravager, Centrifugal Hooks, Drone  
  84  5:59  Roach, Zergling x4  
  84  6:01  Zergling x2, Drone  
  92  6:06  Drone, Zergling x4  
  92  6:09  Drone  
  96  6:12  Ravager  
  96  6:16  Overlord  
  96  6:17  Drone  
  98  6:20  Drone  
  98  6:21  Baneling  
  98  6:23  Glial Reconstitution  
  99  6:26  Pneumatized Carapace  
  99  6:27  Hydralisk, Roach  
  99  6:28  Zergling x4, Drone  
  99  6:29  Burrow  
  99  6:30  Spine Crawler  
  99  6:31  Drone  
  106  6:34  Evolution Chamber, Drone x2  
  106  6:35  Zergling x2  
  106  6:38  Overlord  
  106  6:39  Drone  
  109  6:44  Drone, Spine Crawler  
  109  6:45  Overseer  
  109  6:47  Hatchery  
  109  6:49  Drone  
  109  6:50  Drone  
  110  6:54  Drone  
  110  6:56  Zergling x4, Overlord  
  110  6:59  Zerg Missile Weapons Level 1, Zergling x2  
  114  7:01  Drone  
  114  7:02  Overseer  
  114  7:04  Hydralisk, Infestor  
  114  7:05  Roach  
  114  7:06  Drone  
  122  7:11  Overseer  
  122  7:13  Zerg Ground Armor Level 2  
  122  7:14  Infestor, Drone  
  125  7:16  Overlord  
  125  7:17  Zerg Melee Weapons Level 2  
  125  7:20  Neural Parasite  
  125  7:21  Drone  
  126  7:23  Drone  
  126  7:25  Drone, Roach  
  126  7:26  Spore Crawler, Drone  
  126  7:29  Spore Crawler  
  130  7:30  Drone  
  130  7:35  Drone, Overlord  
  130  7:36  Queen, Roach, Hydralisk, Drone  
  138  7:42  Spine Crawler, Drone, Hive  
  138  7:48  Spire  
  138  7:49  Drone, Tunneling Claws  
  138  7:54  Drone, Overlord  
  138  7:55  Drone  
  138  7:56  Hydralisk, Drone  
  138  7:57  Drone  
  144  7:58  Drone  
  144  7:59  Drone  
  144  8:01  Spine Crawler, Drone  
  144  8:02  Queen  
  144  8:04  Spore Crawler, Drone  
  147  8:07  Lurker Den  
  147  8:08  Zergling x2, Drone  
  147  8:09  Zergling x2, Drone  
  147  8:10  Drone  
  147  8:12  Drone  
  139  8:14  Hatchery  
  139  8:15  Overlord  
  139  8:19  Drone, Spine Crawler  
  138  8:20  Drone  
  138  8:22  Spine Crawler, Zergling x4  
  138  8:23  Zergling x2  
  138  8:24  Drone  
  138  8:25  Drone  
  138  8:26  Baneling x2, Spine Crawler  
  142  8:27  Baneling  
  142  8:28  Baneling  
  142  8:29  Spore Crawler, Baneling  
  142  8:30  Baneling x2  
  142  8:31  Drone x2, Baneling, Ravager  
  142  8:32  Spine Crawler  
  142  8:33  Ravager  
  145  8:34  Drone, Ravager x2, Spine Crawler  
  145  8:36  Drone  
  145  8:40  Drone x2, Zergling x2  
  145  8:41  Baneling, Zergling x2  
  150  8:42  Roach, Baneling  
  150  8:45  Baneling  
  150  8:46  Roach, Baneling x2  
  150  8:47  Extractor, Roach  
  150  8:48  Baneling x2, Extractor  
  156  8:50  Extractor, Zergling x2, Overlord  
  156  8:51  Drone  
  156  8:52  Extractor  
  156  8:53  Drone, Zergling x2  
  156  8:54  Lair  
  157  8:55  Adrenal Glands  
  157  8:56  Zerg Missile Weapons Level 2, Drone  
  157  8:57  Drone  
  159  9:03  Spore Crawler, Zergling x2  
  159  9:04  Drone  
  159  9:05  Lurker  
  159  9:06  Spore Crawler  
  159  9:07  Drone  
  159  9:08  Zergling x2  
  159  9:09  Zergling x2, Spore Crawler, Overlord  
  162  9:10  Drone  
  162  9:12  Roach x2, Zergling x2, Lurker  
  162  9:13  Spore Crawler  
  162  9:14  Viper, Roach  
  162  9:15  Spine Crawler, Drone  
  162  9:16  Hydralisk  
  175  9:26  Drone, Queen, Hydralisk  
  175  9:28  Roach, Overlord  
  175  9:29  Roach, Viper, Zerg Ground Armor Level 3  
  175  9:30  Hydralisk  
  189  9:34  Zerg Melee Weapons Level 3  
  189  9:38  Extractor  
  188  9:39  Drone  
  188  9:40  Extractor  
  188  9:41  Drone  
  188  9:42  Hatchery  
  188  9:44  Drone  
  189  9:46  Hydralisk  
  189  9:47  Overlord, Infestor  
  189  9:48  Infestor  
  189  9:49  Lurker  
  196  9:55  Hydralisk, Spine Crawler  
  197  10:05  Drone  
  197  10:06  Lurker  
  199  10:13  Spine Crawler  
  198  10:15  Drone  
  198  10:16  Spine Crawler  
  198  10:17  Drone  
  198  10:20  Spine Crawler  
  198  10:21  Drone  
  198  10:24  Spine Crawler  
  198  10:26  Drone  
  199  10:33  Zergling x2  
  199  10:34  Zergling x2  
  199  10:35  Zergling x2  
  197  10:36  Zergling x2  
  197  10:38  Hydralisk  
  197  10:39  Overlord  
  197  10:40  Zergling x4, Corruptor  
  197  10:41  Corruptor  
  197  10:42  Corruptor  
  179  10:43  Roach  
  179  10:45  Overseer x2, Overlord  
  179  10:48  Overseer  
  181  10:53  Baneling  
  181  10:56  Spore Crawler  
  180  10:58  Drone  
  180  11:01  Baneling x2, Spore Crawler  
  180  11:02  Baneling, Zergling x2  
  180  11:03  Baneling x3  
  180  11:04  Baneling, Drone, Overlord  
  181  11:05  Zergling x6, Ultralisk Cavern  
  181  11:06  Drone, Baneling  
  181  11:07  Baneling, Zergling x2  
  181  11:08  Baneling x2, Zergling x2  
  181  11:09  Baneling x2, Zergling x2  
  181  11:10  Baneling  
  181  11:11  Baneling x2, Zergling x2  
  189  11:12  Zerg Missile Weapons Level 3  
  189  11:13  Spore Crawler, Hydralisk  
  189  11:14  Hatchery  
  189  11:20  Spore Crawler  
  189  11:21  Drone  
  189  11:22  Unknown, Drone  
  189  11:23  Drone  
  189  11:24  Drone, Queen  
  193  11:27  Spine Crawler  
  193  11:28  Drone  
  193  11:40  Spine Crawler  
  193  11:42  Drone  
  193  11:43  Spine Crawler  
  193  11:45  Drone  
  193  11:46  Spine Crawler  
  192  11:48  Drone  
  192  11:51  Spine Crawler  
  192  11:53  Drone  
  199  11:54  Ultralisk  
  199  12:17  Spore Crawler  
  199  12:20  Drone  
  199  12:22  Spore Crawler  
  199  12:24  Drone  
  199  12:28  Spore Crawler, Drone  
  199  12:34  Spore Crawler  
  199  12:36  Drone  
  199  12:38  Spore Crawler, Drone  
  199  12:42  Spore Crawler  
  199  12:43  Drone  
  199  12:57  Extractor  
  199  12:58  Drone  
  199  13:00  Extractor  
  199  13:01  Drone  
  199  13:03  Ultralisk, Zergling x2  
  199  13:05  Zergling x2, Ultralisk  
  195  13:06  Corruptor x2, Ultralisk, Hydralisk  
  195  13:07  Hydralisk x2  
  195  13:09  Queen  
  195  13:10  Hydralisk  
  195  13:11  Hydralisk x2, Ultralisk  
  195  13:12  Hydralisk, Ultralisk, Spine Crawler  
  199  13:13  Hydralisk, Drone  
  199  13:15  Chitinous Plating  
  199  13:18  Spine Crawler  
  199  13:20  Drone  
  199  13:22  Baneling  
  199  13:23  Spine Crawler  
  199  13:24  Drone  
  200  13:27  Spine Crawler  
  200  13:28  Drone, Baneling  
  200  13:29  Baneling x2  
  200  13:32  Spore Crawler  
  200  13:34  Drone  
  200  13:44  Baneling x2  
  200  13:45  Baneling x2  
  200  13:46  Baneling x3  
  200  13:47  Baneling x3  
  200  13:48  Baneling x2  
  200  14:00  Spore Crawler  
  199  14:04  Zergling x2  
  199  14:08  Spore Crawler, Drone  
  200  14:13  Spore Crawler, Drone  
  200  14:21  Spore Crawler, Drone  
  200  14:28  Baneling  
  200  14:33  Spore Crawler, Drone  
  200  14:39  Spine Crawler, Drone  
  200  14:42  Spine Crawler, Drone  
  200  14:45  Spine Crawler, Drone  
  199  14:48  Spine Crawler, Drone  
  200  15:00  Spore Crawler, Drone  
  200  15:21  Spore Crawler, Drone  
  200  15:24  Spore Crawler, Drone  
  200  15:28  Spore Crawler, Drone  
  200  15:33  Spore Crawler, Drone  
  200  15:35  Drone, Zergling x2  
  199  15:36  Zergling x2  
  199  15:39  Ultralisk  
  199  15:40  Hydralisk  
  199  15:41  Ultralisk, Hydralisk  
  192  15:43  Ultralisk, Hydralisk  
  192  15:44  Infestor  
  192  15:46  Hydralisk x2  
  192  15:49  Hydralisk  
  196  15:51  Hydralisk  
  196  15:52  Hydralisk x2  
  196  15:53  Ultralisk  
  196  15:54  Roach  
  196  15:55  Ultralisk  
  196  15:56  Baneling, Zergling x2  
  194  15:57  Baneling  
  194  16:02  Baneling, Zergling x2  
  194  16:03  Baneling, Spore Crawler  
  194  16:06  Drone, Corruptor  
  195  16:16  Baneling, Zergling x2  
  195  16:17  Baneling, Lurker  
  197  16:18  Ravager  
  197  16:19  Lurker  
  197  16:20  Ravager  
  200  16:28  Baneling x2  
  200  16:31  Spore Crawler, Zergling x2  
  200  16:41  Baneling  
  200  16:42  Baneling  
  200  16:56  Baneling x2  
  200  18:18  Drone  
  200  18:19  Roach, Zergling x4  
  197  18:20  Roach  
  197  18:21  Roach  
  197  18:22  Roach x2  
  197  18:23  Roach x2  
  197  18:24  Roach x2, Mutalisk  
  197  18:25  Mutalisk x2  
  197  18:26  Mutalisk x3  
  191  18:28  Roach x2, Hydralisk  
  191  18:29  Roach, Hydralisk, Zergling x2  
  191  18:30  Hydralisk  
  191  18:33  Corruptor  
  198  18:39  Hatchery, Roach  
  199  18:41  Baneling  
  199  18:43  Baneling x2  
  199  18:44  Baneling  
  199  18:46  Ravager  
  200  18:51  Zerg Flyer Weapons Level 1  
  200  18:56  Baneling  
  200  18:57  Baneling  
  200  19:45  Ultralisk  
  200  20:23  Extractor  
  200  20:24  Drone  
  200  20:27  Extractor, Zergling x2  
  200  20:45  Zerg Flyer Armor Level 1  
  200  20:52  Drone  
  200  20:53  Drone, Baneling  
  200  20:54  Baneling, Zergling x2  
  200  20:55  Zergling x4  
  200  20:56  Zergling x6  
  182  20:57  Zergling x4  
  182  20:58  Zergling x2, Corruptor x2, Ultralisk  
  182  21:00  Corruptor, Infestor  
  182  21:01  Roach  
  182  21:02  Roach  
  199  21:18  Baneling x2  
  199  21:19  Baneling x2  
  199  21:20  Baneling x3  
  199  21:21  Baneling x2  
  199  21:22  Baneling x2  
  199  21:23  Baneling x2  
  199  21:24  Baneling, Ravager  
  199  21:25  Baneling x2  
  200  21:26  Baneling  
  200  21:27  Baneling  
  200  22:05  Spine Crawler  
  199  22:12  Zergling x2  
  200  22:32  Spine Crawler, Drone  
  200  22:38  Baneling x2  
  200  22:39  Zerg Flyer Weapons Level 2  
  200  22:57  Spine Crawler  
  199  23:01  Zergling x2  
  199  23:04  Spine Crawler, Drone  
  200  23:15  Spore Crawler  
  200  23:16  Drone  
  200  23:18  Drone  
  200  23:19  Drone, Zergling x2  
  193  23:20  Zergling x2, Baneling  
  193  23:21  Zergling x4  
  193  23:22  Zergling x4  
  193  23:23  Zergling x2  
  193  23:24  Zergling x2  
  193  23:25  Zergling x2, Baneling  
  193  23:26  Mutalisk, Ultralisk  
  193  23:27  Hydralisk  
  192  23:28  Roach x2  
  192  23:29  Spore Crawler  
  192  23:31  Drone  
  198  23:36  Spore Crawler  
  198  23:37  Drone  
  198  23:38  Baneling  
  198  23:39  Baneling  
  198  23:41  Spore Crawler, Baneling  
  198  23:42  Hatchery, Drone  
  198  23:43  Drone  
  198  23:44  Baneling  
  198  23:47  Baneling x2  
  198  23:48  Baneling x2  
  198  23:49  Baneling x2  
  198  23:50  Baneling x2  
  198  23:51  Baneling x2  
  198  23:52  Baneling  
  198  23:53  Baneling x2  
  198  23:54  Baneling  
  198  23:55  Zergling x2  
  199  24:18  Baneling  
  199  24:19  Baneling  
  199  24:55  Zerg Flyer Armor Level 2  
  199  25:07  Unknown, Zergling x2  
  199  25:21  Hatchery  
  199  25:22  Drone  
  199  25:27  Baneling  
  199  25:48  Drone, Zergling x2  
  199  25:49  Zergling x4  
  188  25:50  Hydralisk  
  188  25:51  Zergling x2  
  188  25:52  Zergling x2  
  188  25:53  Hydralisk  
  188  25:54  Zergling x4  
  188  25:55  Zergling x4  
  188  25:56  Baneling  
  188  25:57  Corruptor x2, Ultralisk  
  183  25:58  Corruptor x2  
  183  25:59  Corruptor, Infestor  
  183  26:00  Queen  
  183  26:01  Queen  
  199  26:09  Baneling x2  
  199  26:10  Baneling  
  199  26:14  Baneling  
  199  26:15  Baneling  
  199  26:19  Baneling x2  
  199  26:20  Baneling x2  
  199  26:21  Baneling x2  
  199  26:22  Baneling x2  
  199  26:23  Zergling x2, Baneling  
  199  26:24  Baneling  
  200  26:48  Extractor  
  200  26:49  Hatchery, Drone  
  200  26:50  Zergling x2  
  200  26:59  Extractor, Drone  
  200  27:09  Spine Crawler, Drone  
  200  27:11  Zerg Flyer Weapons Level 3  
  200  27:14  Spine Crawler, Drone  
  200  27:20  Spine Crawler  
  200  27:22  Drone  
  200  27:27  Spine Crawler  
  200  27:28  Drone  
  200  27:58  Spore Crawler, Drone  
  200  28:05  Spore Crawler, Drone  
  200  28:11  Spore Crawler  
  200  28:12  Drone, Hatchery  
  199  28:13  Drone  
  199  28:15  Drone  
  199  28:16  Zergling x4  
  199  28:17  Zergling x4  
  199  28:18  Zergling x2, Hydralisk  
  199  28:19  Zergling x2, Spore Crawler  
  167  28:20  Zergling x2, Hydralisk  
  167  28:21  Hydralisk x2  
  167  28:23  Drone x2, Extractor  
  167  28:24  Roach  
  167  28:25  Ultralisk, Roach  
  167  28:26  Zergling x4  
  154  28:27  Zergling x2  
  154  28:28  Ultralisk  
  154  28:29  Roach, Extractor  
  154  28:30  Ultralisk, Drone  
  154  28:31  Ultralisk x2, Mutalisk  
  154  28:32  Ultralisk, Mutalisk  
  154  28:33  Mutalisk  
  185  28:34  Mutalisk  
  185  28:35  Mutalisk  
  185  28:36  Mutalisk x2  
  185  28:37  Mutalisk, Corruptor  
  185  28:38  Corruptor  
  185  28:39  Baneling  
  185  28:40  Baneling  
  199  28:46  Corruptor  
  199  28:47  Spine Crawler  
  199  28:48  Drone  
  199  28:55  Spine Crawler, Drone  
  199  28:57  Baneling x2  
  199  28:58  Baneling x2  
  199  28:59  Baneling  
  199  29:00  Baneling, Spine Crawler  
  199  29:01  Corruptor, Baneling  
  199  29:02  Baneling  
  200  29:03  Baneling x2  
  200  29:04  Baneling x2  
  200  29:05  Baneling x2  
  200  29:06  Baneling  
  200  29:08  Spine Crawler, Drone  
  200  29:39  Extractor  
  200  29:40  Drone  
  200  29:46  Spore Crawler, Drone  
  200  29:48  Zerg Flyer Armor Level 3  
  200  29:52  Spore Crawler  
  199  29:53  Drone  
  199  29:59  Spore Crawler  
  199  30:00  Drone  
  200  30:07  Spore Crawler, Drone  
  200  30:28  Extractor, Drone  
  200  30:32  Spine Crawler, Drone  
  200  30:37  Spine Crawler, Drone  
  200  30:42  Spine Crawler, Drone  
  200  30:46  Spine Crawler  
  200  30:47  Drone  
  200  30:54  Drone  
  200  30:55  Zergling x2  
  200  30:56  Mutalisk  
  192  30:57  Mutalisk x2  
  192  30:58  Mutalisk x2  
  192  31:00  Zergling x2  
  192  31:02  Mutalisk  
  192  31:03  Mutalisk  
  200  31:05  Mutalisk  
  200  31:18  Baneling x2  
  200  31:19  Spore Crawler, Zergling x2  
  200  31:23  Spore Crawler  
  200  31:24  Drone  
  200  31:26  Baneling, Drone  
  200  31:27  Zergling x2  
  200  31:28  Spore Crawler  
  200  31:29  Drone  
  200  31:30  Corruptor  
  200  31:31  Corruptor x2  
  200  31:33  Spore Crawler, Ultralisk  
  200  31:36  Drone, Zergling x2  
  200  31:37  Hydralisk, Zergling x2  
  200  31:38  Hydralisk, Zergling x2  
  200  31:39  Zergling x2  
  179  31:40  Zergling x4  
  179  31:41  Roach, Zergling x2  
  179  31:42  Ultralisk  
  179  31:43  Corruptor x2, Ultralisk  
  179  31:44  Hydralisk, Baneling  
  179  31:45  Baneling  
  179  31:46  Roach  
  198  31:52  Spine Crawler, Corruptor  
  199  31:56  Spine Crawler, Drone  
  199  31:58  Baneling  
  199  31:59  Baneling x2  
  199  32:00  Spine Crawler, Baneling, Drone  
  199  32:01  Baneling  
  199  32:02  Baneling x2  
  199  32:03  Baneling x2  
  199  32:04  Baneling x2  
  199  32:05  Baneling  
  199  32:15  Spine Crawler, Drone  
  199  32:38  Spore Crawler  
  199  32:39  Drone  
  199  32:42  Spore Crawler  
  199  32:43  Drone  
  199  32:47  Spore Crawler  
  199  32:48  Drone  
  199  33:01  Spore Crawler, Drone  
  199  33:51  Drone  
  199  33:54  Infestor  
  199  33:55  Zergling x4  
  194  33:56  Infestor, Queen  
  194  33:59  Corruptor  
  198  34:13  Baneling  
  198  34:14  Baneling, Zergling x2  
  198  34:15  Baneling x2  
  199  34:18  Baneling  
  199  34:19  Baneling x2  
  199  34:37  Baneling  
  199  34:39  Baneling  
  199  36:21  Zergling x2  
  199  36:22  Zergling x2  
  199  36:23  Zergling x2  
  199  36:40  Baneling  
  199  36:42  Baneling  
  199  36:43  Baneling  
  199  36:44  Baneling  
  199  36:55  Zergling x4  
  199  36:56  Zergling x4, Hydralisk  
  199  36:57  Hydralisk  
  199  36:58  Hydralisk x2, Zergling x2  
  199  36:59  Zergling x2  
  199  37:00  Zergling x4  
  199  37:01  Zergling x2  
  165  37:02  Roach x2  
  165  37:03  Ultralisk x2  
  165  37:04  Ultralisk  
  165  37:05  Ultralisk, Roach  
  165  37:06  Roach, Ultralisk, Mutalisk  
  165  37:07  Ultralisk, Mutalisk, Corruptor  
  165  37:08  Corruptor  
  187  37:09  Corruptor x2  
  187  37:10  Infestor x2  
  187  37:11  Infestor  
  187  37:12  Corruptor, Infestor  
  187  37:14  Baneling  
  187  37:15  Baneling x2  
  199  37:16  Mutalisk  
  199  37:17  Ultralisk, Mutalisk  
  199  37:19  Baneling  
  199  37:20  Corruptor  
  199  37:21  Queen x2  
  200  37:22  Baneling  
  200  37:27  Overseer  
  200  37:33  Infestor  
  200  37:34  Overseer, Overlord  
  199  37:40  Overseer  
  199  37:51  Baneling x2  
  199  37:52  Baneling, Hatchery  
  199  37:53  Baneling x2  
  199  37:54  Drone, Baneling  
  199  37:55  Baneling  
  199  37:56  Baneling  
  199  39:18  Queen, Unknown  
  199  39:22  Unknown  
  199  39:23  Drone  
  200  39:45  Drone  
  200  39:46  Hatchery, Drone  
  200  39:48  Zergling x4  
  200  39:49  Zergling x2  
  200  39:50  Zergling x2, Greater Spire  
  200  39:51  Roach, Zergling x2  
  200  39:52  Zergling x2  
  174  39:53  Zergling x2  
  174  39:54  Zergling x4  
  174  39:57  Ultralisk  
  174  39:58  Ultralisk  
  174  39:59  Mutalisk, Ultralisk, Corruptor  
  197  40:07  Baneling  
  197  40:08  Baneling  
  197  40:12  Baneling x2  
  197  40:14  Baneling x2  
  197  40:15  Baneling  
  197  40:16  Baneling x2  
  197  40:17  Baneling x2  
  197  40:18  Baneling  
  197  40:19  Baneling  
  197  40:20  Baneling  
  197  40:21  Baneling, Zergling x2  
  197  40:22  Baneling  
  197  40:23  Baneling  
  198  41:02  Brood Lord  
  200  41:32  Extractor  
  199  41:34  Drone  
  200  41:40  Spine Crawler  
  200  41:42  Drone  
  200  41:44  Spine Crawler  
  200  41:46  Drone  
  200  41:49  Spine Crawler  
  200  41:51  Drone  
  200  41:55  Spine Crawler  
  200  41:57  Drone  
  200  42:23  Extractor  
  200  42:25  Drone  
  200  42:26  Roach  
  200  42:27  Zergling x2  
  200  42:29  Spore Crawler  
  184  42:30  Zergling x2  
  184  42:31  Roach, Drone, Hydralisk  
  184  42:33  Hydralisk x2, Zergling x2  
  184  42:34  Zergling x2  
  184  42:37  Zergling x2, Overlord  
  176  42:38  Zergling x2  
  176  42:39  Zergling x4  
  176  42:40  Ultralisk x2  
  176  42:42  Overseer, Spire  
  176  42:43  Drone, Overseer  
  191  42:49  Baneling x2, Spore Crawler  
  191  42:50  Drone  
  191  42:51  Baneling x2  
  191  42:52  Zergling x2  
  191  42:53  Baneling x2  
  191  42:54  Zergling x2, Spore Crawler  
  191  42:55  Baneling, Drone  
  191  42:56  Baneling  
  191  42:57  Zergling x2, Baneling  
  194  42:58  Baneling  
  194  42:59  Baneling  
  194  43:00  Zergling x2, Baneling  
  194  43:01  Baneling, Zergling x2  
  194  43:02  Baneling, Spore Crawler  
  194  43:03  Zergling x2, Drone  
  194  43:04  Brood Lord  
  199  43:24  Spine Crawler  
  199  43:25  Drone  
  199  43:56  Spine Crawler  
  199  43:58  Drone  
  199  43:59  Spine Crawler  
  199  44:02  Drone  
  199  44:04  Spine Crawler  
  199  44:05  Drone  
  199  44:32  Hatchery  
  199  44:33  Drone  
  199  44:38  Spore Crawler  
  198  44:40  Drone  
  198  44:43  Spore Crawler  
  198  44:45  Drone  
  199  44:47  Spore Crawler  
  199  44:50  Drone  
  199  44:52  Spore Crawler  
  198  44:53  Drone  
  198  44:58  Zergling x2  
  198  44:59  Zergling x2  
  191  45:00  Zergling x2  
  191  45:01  Roach  
  191  45:02  Roach  
  191  45:03  Roach, Hydralisk  
  191  45:04  Roach  
  191  45:05  Hydralisk  
  191  45:06  Overlord  
  161  45:07  Hydralisk  
  161  45:08  Hydralisk  
  161  45:09  Overseer  
  161  45:10  Zergling x2  
  161  45:11  Zergling x2  
  161  45:12  Zergling x2  
  161  45:13  Zergling x2  
  165  45:14  Zergling x2  
  165  45:15  Zergling x2  
  165  45:17  Baneling  
  165  45:18  Baneling, Zergling x2  
  165  45:19  Baneling, Zergling x2  
  165  45:20  Baneling  
  165  45:21  Baneling x2  
  169  45:22  Zergling x2  
  169  45:23  Baneling, Zergling x2  
  169  45:24  Baneling  
  169  45:25  Ultralisk  
  169  45:26  Ultralisk  
  169  45:27  Ultralisk, Corruptor  
  193  45:28  Brood Lord  
  193  45:29  Corruptor  
  193  45:30  Brood Lord  
  193  45:31  Corruptor  
  193  45:33  Baneling  
  193  45:35  Baneling x2  
  199  45:36  Baneling  
  199  45:37  Baneling  
  199  45:47  Hatchery  
  198  45:57  Extractor, Drone  
  198  45:58  Brood Lord  
  198  46:02  Extractor  
  198  46:03  Drone  
  200  47:22  Unknown, Drone  
  200  47:30  Drone  
  200  47:32  Ultralisk  
  200  47:35  Roach  
  200  47:36  Corruptor, Hydralisk  
  183  47:38  Hydralisk  
  183  47:40  Ultralisk, Queen  
  183  47:42  Roach, Queen x2  
  183  47:44  Zergling x2, Infestor, Hydralisk  
  179  47:45  Infestor, Hydralisk  
  179  47:46  Hydralisk  
  179  47:48  Roach  
  179  47:49  Roach  
  179  47:50  Hydralisk  
  189  47:52  Roach, Viper  
  189  47:53  Zergling x2  
  189  47:58  Viper  
  188  48:00  Spine Crawler  
  188  48:01  Drone  
  188  48:02  Roach  
  188  48:05  Ravager, Spine Crawler  
  198  48:07  Baneling x2  
  198  48:11  Spine Crawler, Drone  
  198  48:12  Drone  
  196  48:16  Spine Crawler  
Show
View Real Time Build Order
Export as new Build Order

Player 3 Zerg - Winner!

Build Orders: Pool First, Lurkers 

Get SALT Encoding   

  12  0:01  Drone  
  13  0:11  Overlord  
  13  0:16  Drone  
  14  0:29  Drone x2  
  14  0:33  Drone  
  17  0:42  Spawning Pool  
  16  0:43  Drone  
  17  0:58  Hatchery  
  17  1:02  Drone  
  17  1:05  Extractor  
  17  1:07  Extractor  
  17  1:08  Drone  
  16  1:16  Drone  
  17  1:26  Drone  
  18  1:35  Queen  
  18  1:37  Drone  
  21  1:47  Overlord  
  21  1:58  Zergling x2  
  22  2:09  Drone  
  22  2:10  Drone, Queen  
  26  2:18  Roach Warren  
  26  2:20  Drone  
  26  2:21  Drone  
  27  2:31  Drone x2  
  29  2:41  Zergling x2  
  29  2:42  Zergling x2  
  31  2:52  Overlord  
  31  2:53  Drone  
  31  2:54  Drone  
  31  2:55  Drone  
  34  2:59  Lair  
  34  3:01  Roach  
  34  3:02  Overlord  
  36  3:07  Overlord  
  36  3:14  Roach  
  36  3:15  Roach  
  36  3:17  Zergling x4, Roach  
  44  3:23  Drone x2  
  44  3:24  Zergling x2  
  44  3:26  Drone, Overlord  
  48  3:36  Roach  
  48  3:37  Roach  
  52  3:47  Roach  
  54  3:48  Roach  
  54  3:49  Drone, Overlord, Roach  
  54  3:52  Roach, Drone x2  
  63  3:58  Overlord  
  63  4:00  Drone  
  63  4:01  Hydralisk Den  
  63  4:09  Drone  
  64  4:23  Overlord  
  64  4:30  Hydralisk  
  66  4:31  Hydralisk x2  
  66  4:32  Hydralisk x4  
  66  4:33  Hydralisk  
  80  4:41  Hydralisk  
  80  4:44  Hydralisk  
  84  4:49  Hydralisk x2, Overlord  
  84  4:52  Overlord, Hydralisk x2  
  92  5:02  Metabolic Boost  
  92  5:03  Extractor  
  92  5:04  Drone  
  92  5:05  Baneling Nest, Drone  
  92  5:07  Evolution Chamber, Drone  
  92  5:09  Extractor  
  91  5:14  Drone, Evolution Chamber  
  91  5:18  Evolution Chamber, Drone  
  91  5:21  Drone x3  
  93  5:24  Drone  
  93  5:25  Drone  
  93  5:27  Hatchery  
  95  5:34  Zerg Ground Armor Level 1, Drone  
  96  5:37  Overlord  
  96  5:39  Drone  
  96  5:40  Zerg Melee Weapons Level 1  
  96  5:41  Drone  
  96  5:42  Drone  
  99  5:43  Zerg Missile Weapons Level 1, Ravager  
  99  5:44  Ravager  
  99  5:48  Lurker Den, Drone  
  99  5:49  Baneling  
  101  5:52  Zergling x2, Drone  
  101  5:53  Drone  
  101  5:56  Zergling x2, Drone  
  106  5:57  Overlord  
  106  5:59  Drone  
  106  6:03  Drone  
  108  6:07  Baneling x2  
  108  6:08  Baneling  
  108  6:09  Baneling x2  
  108  6:10  Drone  
  108  6:11  Baneling x2  
  109  6:12  Baneling  
  109  6:13  Baneling x2, Drone  
  109  6:15  Baneling x2  
  110  6:21  Overlord, Baneling x2  
  110  6:22  Baneling  
  110  6:23  Zergling x4, Roach  
  110  6:24  Centrifugal Hooks  
  110  6:25  Zergling x2  
  115  6:27  Zergling x4  
  115  6:28  Zergling x2  
  115  6:32  Overseer, Zergling x2  
  119  6:35  Glial Reconstitution, Zergling x2  
  119  6:38  Pneumatized Carapace  
  119  6:39  Zergling x2  
  121  6:42  Baneling  
  121  6:43  Overlord  
  121  6:45  Burrow  
  121  6:46  Zergling x2  
  122  6:48  Lurker  
  122  6:49  Lurker, Zergling x2  
  122  6:52  Queen  
  129  6:54  Roach  
  129  6:56  Drone x3  
  129  6:58  Drone  
  129  6:59  Lurker  
  129  7:00  Drone  
  129  7:01  Drone  
  136  7:04  Overlord, Drone  
  136  7:06  Drone  
  136  7:07  Extractor  
  137  7:09  Lurker, Drone, Spine Crawler  
  137  7:11  Drone, Spine Crawler  
  137  7:13  Lurker  
  139  7:17  Hatchery  
  139  7:18  Drone  
  139  7:19  Lurker  
  139  7:20  Drone  
  139  7:21  Drone  
  142  7:27  Overlord, Drone  
  142  7:28  Drone x2  
  145  7:30  Infestation Pit  
  145  7:31  Drone x2  
  145  7:32  Drone x2  
  145  7:33  Drone  
  149  7:39  Drone  
  149  7:42  Drone  
  151  7:45  Drone  
  151  7:47  Zerg Melee Weapons Level 2  
  151  7:50  Overlord  
  152  7:51  Extractor  
  152  7:53  Drone  
  152  7:54  Zerg Missile Weapons Level 2, Drone  
  152  7:55  Spore Crawler  
  152  7:59  Drone  
  152  8:00  Drone x3, Spore Crawler  
  152  8:01  Drone x3  
  152  8:02  Spore Crawler, Drone  
  152  8:03  Drone, Zerg Ground Armor Level 2  
  152  8:05  Overseer, Spine Crawler  
  159  8:06  Drone, Hive  
  159  8:08  Drone, Overlord  
  160  8:16  Queen  
  162  8:20  Overseer  
  162  8:27  Overlord  
  162  8:28  Spire  
  162  8:29  Drone  
  162  8:30  Tunneling Claws  
  162  8:31  Roach  
  162  8:32  Roach  
  162  8:33  Roach  
  170  8:34  Roach  
  170  8:35  Hydralisk  
  170  8:37  Hydralisk  
  170  8:38  Extractor  
  170  8:39  Drone  
  170  8:40  Spine Crawler  
  170  8:41  Drone x2, Hatchery  
  174  8:42  Extractor  
  174  8:43  Infestor, Drone  
  174  8:46  Overlord  
  176  8:49  Infestor  
  176  8:52  Spine Crawler, Drone  
  176  8:53  Roach x2  
  176  8:54  Roach  
  186  8:55  Spine Crawler, Roach  
  186  8:56  Drone, Hydralisk  
  188  9:04  Hydralisk x2, Spine Crawler  
  188  9:05  Drone, Hydralisk x2  
  196  9:17  Viper  
  196  9:18  Adrenal Glands  
  199  9:25  Spine Crawler  
  199  9:26  Drone  
  199  9:29  Spore Crawler  
  199  9:31  Drone  
  199  9:32  Spine Crawler  
  199  9:33  Drone  
  199  9:34  Spore Crawler  
  199  9:35  Drone  
  199  9:37  Zergling x4  
  199  9:38  Zergling x4, Spore Crawler  
  192  9:39  Drone  
  192  9:40  Zergling x6  
  192  9:41  Zergling x4  
  192  9:42  Viper, Zergling x2, Spore Crawler  
  192  9:43  Roach x2, Drone, Viper  
  192  9:44  Hydralisk, Roach  
  191  9:46  Spore Crawler  
  191  9:47  Roach  
  191  9:51  Drone  
  195  9:52  Roach, Queen  
  195  9:55  Baneling  
  195  9:56  Zergling x2  
  195  9:58  Baneling  
  195  9:59  Baneling, Zergling x2  
  199  10:00  Baneling  
  199  10:05  Extractor  
  199  10:06  Drone  
  199  10:13  Baneling x3  
  199  10:14  Baneling x3  
  199  10:15  Baneling x2  
  199  10:16  Extractor, Baneling x2, Drone, Hatchery  
  199  10:17  Zergling x2, Baneling  
  199  10:18  Drone, Baneling  
  199  10:19  Baneling, Zerg Melee Weapons Level 3  
  199  10:20  Zerg Missile Weapons Level 3, Spine Crawler, Zergling x2  
  200  10:23  Zerg Ground Armor Level 3  
  200  10:25  Baneling  
  200  10:26  Baneling  
  200  10:27  Baneling x2  
  200  10:28  Baneling  
  200  10:36  Baneling x2  
  200  10:40  Spine Crawler  
  200  10:41  Drone  
  200  10:43  Spine Crawler, Drone  
  200  10:45  Spine Crawler, Drone  
  200  10:48  Spine Crawler  
  200  10:49  Drone  
  200  11:24  Spore Crawler, Drone  
  200  11:26  Spore Crawler  
  200  11:27  Drone  
  200  11:29  Spore Crawler, Drone  
  200  11:32  Spore Crawler, Drone  
  200  11:35  Spine Crawler, Drone  
  200  11:57  Unknown, Drone  
  200  12:03  Hatchery, Drone  
  200  12:06  Spine Crawler, Drone  
  200  12:11  Spine Crawler, Drone  
  200  12:15  Spine Crawler, Drone  
  200  12:21  Spine Crawler, Drone  
  200  12:50  Spore Crawler  
  200  12:51  Drone  
  200  12:55  Spore Crawler, Drone  
  200  12:58  Spore Crawler  
  200  12:59  Drone  
  200  13:03  Spore Crawler, Drone  
  200  13:08  Spore Crawler, Drone  
  200  13:10  Spine Crawler  
  200  13:11  Drone  
  200  13:31  Unknown, Drone  
  200  13:41  Drone  
  200  13:42  Zergling x2  
  200  13:43  Zergling x4  
  200  13:44  Zergling x6  
  200  13:45  Zergling x4  
  200  13:46  Unknown, Corruptor  
  200  13:48  Drone, Corruptor  
  198  13:50  Corruptor, Zergling x2  
  198  13:51  Queen  
  198  13:52  Queen  
  198  13:53  Zergling x2, Spine Crawler, Roach  
  198  13:54  Drone, Roach  
  198  13:55  Roach x2  
  189  13:56  Roach x2  
  189  13:57  Roach x2, Viper, Hydralisk  
  189  13:58  Roach, Viper  
  189  13:59  Roach x2  
  189  14:00  Spine Crawler, Roach x2, Viper, Drone  
  189  14:02  Baneling x2  
  198  14:06  Spine Crawler, Zergling x2  
  198  14:10  Baneling  
  198  14:11  Spine Crawler, Drone  
  198  14:13  Baneling  
  198  14:15  Spore Crawler, Baneling, Drone  
  198  14:29  Baneling  
  198  14:30  Baneling x2  
  198  14:31  Baneling x3  
  198  14:32  Baneling x2  
  198  14:33  Baneling  
  198  14:34  Baneling x2  
  198  14:35  Baneling x2  
  198  14:36  Baneling, Ravager  
  198  14:38  Baneling x2  
  199  14:39  Baneling  
  199  14:40  Zergling x2  
  199  14:42  Spore Crawler  
  199  14:47  Spore Crawler, Drone, Lurker  
  199  14:50  Spore Crawler, Drone  
  200  14:56  Spore Crawler, Drone  
  200  15:02  Spore Crawler  
  200  15:03  Drone  
  200  15:05  Baneling  
  200  15:06  Baneling  
  200  15:43  Spine Crawler, Drone  
  200  15:53  Spine Crawler  
  200  15:54  Drone  
  200  16:10  Spine Crawler  
  200  16:11  Drone  
  200  16:17  Spine Crawler, Drone  
  200  16:22  Spore Crawler, Drone  
  199  16:34  Drone  
  199  16:35  Drone, Zergling x4  
  199  16:36  Zergling x4  
  199  16:37  Zergling x4  
  199  16:38  Zergling x4  
  199  16:39  Zergling x4  
  185  16:40  Roach  
  185  16:41  Roach x3, Hydralisk  
  185  16:42  Roach  
  185  16:43  Roach, Overseer  
  185  16:45  Spore Crawler  
  185  16:46  Roach  
  198  16:55  Baneling  
  198  16:57  Baneling x2  
  198  17:02  Ravager  
  198  17:03  Spore Crawler  
  198  17:04  Drone  
  199  17:09  Spore Crawler, Drone  
  199  17:11  Lurker  
  199  17:13  Spore Crawler, Drone  
  200  17:19  Baneling x2  
  200  17:20  Baneling x2  
  200  17:21  Baneling x3  
  200  17:22  Baneling x3  
  200  17:23  Baneling x3  
  200  17:24  Baneling x3  
  200  17:32  Baneling  
  200  17:42  Spore Crawler  
  199  17:47  Zergling x2  
  200  18:13  Baneling x2  
  200  18:14  Spore Crawler  
  199  18:21  Zergling x2  
  200  18:45  Spore Crawler, Drone  
  200  19:31  Drone x2  
  197  19:32  Drone, Infestor, Zergling x2  
  197  19:33  Infestor, Zergling x2  
  197  19:34  Zergling x2  
  197  19:35  Zergling x6  
  197  19:36  Zergling x4, Infestor  
  197  19:37  Zergling x2, Mutalisk  
  188  19:38  Mutalisk, Zergling x2  
  188  19:39  Mutalisk, Corruptor  
  188  19:40  Corruptor x2, Infestor  
  188  19:41  Infestor  
  198  19:53  Baneling  
  198  19:56  Baneling, Hatchery, Zergling x2  
  198  19:57  Baneling x2  
  198  20:03  Baneling x3  
  198  20:04  Baneling x2  
  198  20:05  Baneling x2  
  198  20:06  Baneling x2  
  198  20:07  Baneling x3  
  198  20:08  Baneling x2  
  198  20:09  Neural Parasite  
  198  20:10  Zerg Flyer Weapons Level 1  
  198  20:12  Baneling, Ravager  
  198  20:14  Baneling x2  
  199  20:17  Baneling  
  199  20:20  Baneling  
  199  21:19  Extractor, Zergling x2  
  199  21:27  Extractor, Drone  
  199  21:39  Baneling  
  199  21:40  Baneling  
  199  22:05  Zerg Flyer Armor Level 1  
  199  22:13  Drone  
  199  22:14  Drone, Zergling x2  
  199  22:15  Zergling x4  
  192  22:16  Zergling x6  
  192  22:17  Overseer, Zergling x2  
  192  22:18  Zergling x2  
  192  22:19  Zergling x4, Mutalisk  
  198  22:37  Baneling  
  198  22:38  Zergling x2  
  198  22:43  Baneling x2  
  199  22:44  Baneling  
  199  22:49  Baneling  
  199  22:50  Baneling x2  
  199  22:51  Baneling x2  
  199  22:52  Baneling x3  
  199  22:53  Baneling x2  
  199  22:54  Baneling x3  
  199  22:55  Baneling x2  
  199  22:56  Baneling  
  199  22:58  Baneling  
  199  23:00  Baneling  
  199  23:21  Spine Crawler, Zergling x2  
  199  23:24  Spine Crawler, Drone  
  199  23:28  Spine Crawler, Drone  
  199  23:33  Spine Crawler, Drone  
  199  23:45  Baneling  
  199  23:46  Baneling  
  199  23:58  Zerg Flyer Weapons Level 2  
  199  24:01  Hatchery, Zergling x2  
  199  24:04  Spore Crawler, Drone  
  199  24:07  Spore Crawler  
  199  24:08  Drone  
  199  24:11  Spore Crawler  
  199  24:12  Drone  
  199  24:16  Spore Crawler  
  198  24:17  Drone  
  198  24:21  Baneling x2  
  199  25:01  Drone, Zergling x2  
  199  25:02  Drone, Zergling x2  
  199  25:03  Zergling x2  
  199  25:04  Zergling x4, Roach  
  199  25:05  Zergling x4  
  199  25:06  Overseer  
  187  25:07  Zergling x4  
  187  25:08  Zergling x2, Corruptor  
  187  25:09  Corruptor  
  194  25:20  Baneling  
  194  25:25  Baneling  
  194  25:26  Baneling x2  
  194  25:27  Baneling  
  194  25:29  Baneling  
  194  25:36  Baneling x2  
  194  25:37  Baneling x2  
  194  25:38  Baneling  
  194  25:39  Baneling  
  194  25:40  Baneling  
  194  25:42  Baneling  
  194  25:43  Baneling x2, Ultralisk Cavern  
  194  25:44  Zergling x2, Hatchery, Drone  
  194  25:45  Baneling  
  194  25:46  Baneling x2  
  194  25:48  Extractor, Baneling  
  194  25:49  Drone  
  194  25:50  Extractor, Drone  
  194  26:06  Baneling  
  194  26:07  Baneling  
  194  26:08  Zergling x2  
  195  26:14  Zerg Flyer Armor Level 2  
  195  26:32  Baneling  
  195  26:34  Drone  
  195  26:35  Zergling x4  
  198  27:14  Extractor  
  197  27:16  Drone  
  197  27:19  Extractor, Drone  
  198  27:24  Spine Crawler  
  198  27:26  Drone  
  198  27:27  Spine Crawler  
  198  27:29  Drone  
  198  27:31  Spine Crawler  
  198  27:33  Drone  
  198  27:36  Spine Crawler  
  197  27:38  Drone  
  197  27:39  Hatchery  
  197  27:40  Drone  
  198  27:47  Ultralisk  
  198  27:49  Ultralisk, Zergling x2  
  199  27:57  Zergling x4  
  197  27:58  Zergling x2  
  197  27:59  Zergling x2  
  199  28:09  Spore Crawler, Drone  
  199  28:10  Baneling  
  199  28:12  Baneling  
  199  28:14  Spore Crawler  
  199  28:15  Zergling x2, Baneling  
  199  28:16  Baneling  
  199  28:20  Spore Crawler, Drone, Baneling  
  199  28:21  Baneling x2  
  199  28:22  Baneling  
  199  28:23  Baneling  
  199  28:25  Spore Crawler, Drone  
  199  28:30  Zerg Flyer Weapons Level 3  
  199  29:06  Extractor, Drone  
  199  29:10  Spine Crawler, Drone  
  199  29:15  Spine Crawler, Drone  
  199  29:18  Spine Crawler, Drone  
  199  29:22  Extractor  
  199  29:23  Drone  
  199  29:27  Spine Crawler  
  199  29:28  Drone  
  199  29:55  Spore Crawler  
  199  29:56  Drone  
  199  29:57  Spore Crawler  
  199  29:58  Drone  
  199  30:01  Spore Crawler, Drone  
  199  30:04  Spore Crawler, Drone  
  199  30:19  Ultralisk  
  199  30:27  Roach x3  
  199  30:32  Drone  
  199  30:33  Zergling x6  
  199  30:34  Zergling x2  
  199  30:35  Zergling x4  
  198  30:37  Ultralisk  
  198  30:39  Ultralisk  
  198  30:40  Zergling x2  
  197  30:43  Ultralisk  
  197  30:46  Zergling x2  
  197  30:48  Ultralisk  
  198  30:50  Mutalisk  
  198  30:51  Mutalisk  
  198  30:52  Mutalisk, Baneling  
  198  30:59  Baneling  
  198  31:00  Zergling x4  
  198  31:05  Spine Crawler  
  198  31:07  Drone  
  198  31:08  Baneling  
  198  31:09  Spine Crawler  
  198  31:10  Drone  
  196  31:11  Baneling  
  196  31:12  Zergling x2, Baneling  
  196  31:15  Spine Crawler  
  196  31:16  Drone  
  197  31:21  Spine Crawler  
  197  31:23  Drone  
  197  31:25  Ultralisk  
  199  31:28  Corruptor  
  199  31:34  Corruptor  
  199  31:36  Corruptor  
  199  31:37  Roach  
  198  31:40  Corruptor, Ultralisk  
  198  31:42  Ultralisk  
  198  31:45  Corruptor, Hydralisk  
  198  31:46  Roach, Corruptor  
  198  31:47  Baneling x2  
  198  31:51  Infestor, Spore Crawler  
  199  31:57  Spore Crawler, Drone  
  199  32:03  Spore Crawler  
  199  32:04  Drone  
  199  32:07  Spore Crawler  
  199  32:08  Drone  
  199  32:11  Baneling x2  
  199  32:12  Baneling x2  
  199  32:13  Baneling x3  
  199  32:14  Baneling x2  
  199  32:15  Baneling, Chitinous Plating  
  199  32:16  Zerg Flyer Armor Level 3  
  199  33:53  Hatchery, Drone  
  199  34:23  Drone  
  188  34:24  Zergling x4  
  188  34:25  Roach  
  188  34:26  Roach  
  188  34:27  Roach x2  
  188  34:28  Roach x3  
  188  34:29  Roach  
  199  34:43  Baneling  
  199  34:44  Baneling  
  199  34:45  Baneling  
  199  34:46  Baneling  
  199  34:52  Baneling  
  199  35:16  Extractor, Zergling x2  
  199  35:17  Hatchery  
  199  35:18  Drone  
  199  35:27  Extractor, Drone  
  199  35:36  Baneling  
  199  35:37  Baneling  
  199  36:39  Extractor  
  198  36:40  Zergling x2  
  199  36:50  Extractor, Drone  
  199  37:01  Baneling x2  
  199  37:18  Spine Crawler, Zergling x2  
  199  37:21  Spine Crawler  
  199  37:22  Drone  
  199  37:36  Spine Crawler, Drone  
  199  37:42  Spine Crawler, Drone  
  199  37:43  Baneling x2  
  199  37:49  Zergling x2  
  199  37:50  Drone  
  199  37:51  Drone x2  
  197  37:52  Zergling x2  
  197  37:53  Zergling x4, Roach  
  197  37:55  Zergling x4  
  200  38:02  Spore Crawler  
  200  38:03  Zergling x2  
  200  38:07  Spore Crawler, Drone  
  200  38:15  Baneling  
  200  38:17  Spore Crawler  
  200  38:18  Drone  
  200  38:22  Spore Crawler  
  200  38:23  Drone  
  200  38:24  Baneling x2  
  200  38:25  Baneling  
  200  38:26  Baneling x2  
  200  38:27  Baneling x2  
  200  38:28  Baneling x3  
  200  38:29  Baneling  
  200  38:51  Spine Crawler  
  200  38:52  Drone  
  200  38:55  Spine Crawler  
  200  38:56  Drone  
  200  39:02  Baneling x2  
  200  39:07  Spine Crawler  
  199  39:10  Zergling x2  
  200  39:19  Spine Crawler, Drone  
  200  39:36  Spore Crawler, Drone  
  200  39:39  Spore Crawler  
  200  39:40  Drone  
  200  39:42  Spore Crawler, Baneling  
  200  39:43  Drone, Baneling  
  200  39:46  Spore Crawler  
  200  39:52  Zergling x2  
  200  40:17  Baneling  
  200  40:18  Baneling  
  200  40:45  Drone x2  
  200  40:46  Drone  
  200  40:47  Zergling x4  
  200  40:48  Zergling x2  
  200  40:49  Zergling x4  
  191  40:50  Zergling x4, Greater Spire  
  191  40:51  Zergling x4  
  191  40:52  Ultralisk  
  191  40:53  Ultralisk  
  191  40:54  Mutalisk  
  191  40:55  Mutalisk  
  191  40:56  Corruptor  
  198  40:58  Ultralisk  
  198  41:06  Baneling  
  198  41:07  Baneling  
  198  41:08  Corruptor x2  
  198  41:11  Queen  
  198  41:24  Baneling  
  198  41:41  Baneling  
  198  41:42  Baneling x2  
  198  41:43  Baneling x2  
  198  41:44  Baneling x3  
  198  41:45  Baneling x2  
  198  41:46  Baneling x2  
  198  41:52  Hatchery, Zergling x2  
  198  42:02  Brood Lord  
  200  43:26  Extractor, Drone  
  200  43:32  Extractor, Drone  
  200  44:04  Drone, Zergling x2  
  200  44:05  Hatchery, Zergling x2, Drone  
  200  44:06  Hydralisk  
  200  44:07  Roach  
  200  44:08  Zergling x2  
  200  44:09  Roach, Zergling x2  
  180  44:10  Hydralisk  
  180  44:11  Hydralisk  
  180  44:12  Roach, Zergling x2  
  180  44:13  Zergling x2  
  180  44:14  Roach, Zergling x2  
  180  44:15  Zergling x2  
  180  44:16  Zergling x2  
  180  44:17  Zergling x2  
  162  44:18  Ultralisk  
  162  44:19  Ultralisk  
  162  44:20  Ultralisk x2  
  162  44:21  Corruptor, Ultralisk  
  162  44:22  Infestor  
  196  44:26  Baneling x2  
  196  44:29  Baneling  
  196  44:37  Baneling x2  
  196  44:47  Baneling  
  196  44:48  Baneling x2  
  196  44:49  Baneling x2  
  196  44:50  Baneling x2  
  196  44:51  Brood Lord, Baneling  
  196  44:52  Brood Lord  
  200  44:53  Baneling  
  200  45:17  Spine Crawler  
  200  45:20  Drone, Spine Crawler  
  199  45:23  Drone  
  199  45:24  Spine Crawler  
  199  45:25  Drone  
  199  45:27  Spine Crawler  
  200  45:28  Drone  
  200  45:46  Extractor, Drone  
  200  45:48  Extractor  
  199  45:50  Drone  
  200  46:01  Spore Crawler  
  200  46:02  Drone  
  200  46:06  Spore Crawler  
  200  46:08  Drone  
  200  46:11  Spore Crawler  
  199  46:13  Drone  
  199  46:17  Spore Crawler, Drone  
  200  47:15  Zergling x2  
  199  47:16  Zergling x2  
  199  47:18  Zergling x6  
  199  47:19  Zergling x4, Hydralisk  
  199  47:20  Hydralisk  
  199  47:21  Zergling x2  
  199  47:22  Roach, Zergling x2  
  163  47:23  Zergling x2, Hydralisk, Ultralisk  
  163  47:24  Ultralisk  
  163  47:25  Ultralisk x3  
  163  47:26  Corruptor, Roach  
  163  47:27  Corruptor, Infestor  
  163  47:28  Ultralisk  
  200  47:32  Spine Crawler  
  200  47:33  Drone  
  200  47:35  Baneling  
  198  47:38  Spine Crawler  
  198  47:40  Drone  
  198  47:41  Roach  
  198  47:42  Baneling x2, Spine Crawler  
  198  47:43  Drone  
  196  47:44  Baneling  
  196  47:45  Roach, Baneling  
  196  47:46  Spine Crawler  
  196  47:48  Drone  
  196  47:49  Roach, Queen  
  196  47:51  Queen  
  198  47:56  Hatchery, Drone  
  198  48:00  Hydralisk  
  200  48:26  Spore Crawler  
Tags
 
Add a new tag
Caveats
  • Supply blocks, unpowered buildings, or Contaminate may cause inaccurate times.
  • Supply counts are checked every 10 seconds.